 Dungeon Crawl Stone Soup version 0.30-a0-760-g5a9884bb7c (webtiles) character file.

Game seed: 6939371704418243265

319 boo the Slasher (level 6, -1/55 HPs)
             Began as a Minotaur Fighter on Feb 11, 2023.
             Killed from afar by a steam dragon (9 damage)
             ... with a ball of steam
             ... on level 3 of the Dungeon.
             The game lasted 00:03:04 (1971 turns).

boo the Slasher (Minotaur Fighter)                  Turns: 1971, Time: 00:03:05

Health: -1/55      AC:  7    Str: 23    XL:     6   Next: 21%
Magic:  5/5        EV:  9    Int:  5    God:
Gold:   212        SH:  4    Dex:  9    Spells: 5/5 levels left

rFire   . . .      SeeInvis .    a - +0 long sword
rCold   . . .      Faith    .    c - +0 buckler
rNeg    . . .      Spirit   .    b - +0 scale mail
rPois   .          Reflect  .    (helmet restricted)
rElec   .          Harm     .    (no cloak)
rCorr   +          Rampage  .    (no gloves)
Will    .....                    (no boots) Stlth
                                 (no amulet)
HPRegen 0.29/turn                i - ring of resist corrosion
MPRegen 0.09/turn                (no ring)

@: no status effects
A: horns 2, retaliatory headbutt
a: no special abilities


You were on level 3 of the Dungeon.
You visited 1 branch of the dungeon, and saw 3 of its levels.

You collected 212 gold pieces.

Inventory:

Hand Weapons
 a - a +0 long sword (weapon)
Armour
 b - a +0 scale mail (worn)
 c - a +0 buckler (worn)
Jewellery
 i - a ring of resist corrosion (left hand)
 m - a ring of wizardry
 q - a +6 ring of strength
Scrolls
 h - a scroll of teleportation {unknown}
 k - a scroll of amnesia {unknown}
 l - a scroll of poison {unknown}
 o - a scroll of vulnerability {unknown}
 p - 2 scrolls of identify {unknown}
 r - a scroll of silence {unknown}
Potions
 d - 2 potions of might
 e - a potion of mutation {unknown}
 f - a potion of attraction {unknown}
 g - 2 potions of flight {unknown}
 j - a potion of cancellation {unknown}
 n - a potion of degeneration {unknown}


   Skills:
 + Level 4.9 Fighting
 * Level 5.3 Long Blades
 + Level 5.0 Armour
 - Level 5.0 Shields


You had 5 spell levels left.
You didn't know any spells.
Your spell library was empty.

Dungeon Overview and Level Annotations

Branches:
Dungeon (3/15)

Altars:


Innate Abilities, Weirdness & Mutations

You have a pair of horns on your head.
You reflexively headbutt those who attack you in melee.


Message History

The steam dragon is moderately wounded.
The steam dragon bites you. The steam dragon claws you.
You barely miss the steam dragon. You headbutt the steam dragon.
The steam dragon is moderately wounded.
The steam dragon bites you but does no damage.
The steam dragon claws you but does no damage.
You hit the steam dragon. Your headbutt misses the steam dragon.
The steam dragon is heavily wounded.
The steam dragon breathes steam at you. The ball of steam hits you!
You barely miss the steam dragon.
The steam dragon is heavily wounded.
You are engulfed in a cloud of scalding steam.
The steam dragon closely misses you. The steam dragon claws you.
The steam dragon barely misses you. The steam dragon claws you.
You hit the steam dragon but do no damage.
The steam dragon is heavily wounded.
The steam dragon closely misses you.
The steam dragon claws you but does no damage.
You closely miss the steam dragon.
The steam dragon is heavily wounded.
The steam dragon barely misses you. You block the steam dragon's attack.
You completely miss the steam dragon.
The steam dragon is heavily wounded.
You are engulfed in a cloud of scalding steam.
* * * LOW HITPOINT WARNING * * *
The steam dragon barely misses you. The steam dragon claws you.
* * * LOW HITPOINT WARNING * * *
Sorry, you're not good enough to have a special ability.
Sorry, you're not good enough to have a special ability.
You hit the steam dragon.
The steam dragon is severely wounded.
The steam dragon bites you.
* * * LOW HITPOINT WARNING * * *
The steam dragon barely misses you.
You slash the steam dragon!
The steam dragon is almost dead.
The steam dragon breathes steam at you. The ball of steam hits you!
You die...

############## .............#
############.## #..## ##..#
##.### #...###
################@..###########
.....)...))......D....<.......
##################.###########
#.# #.#### #....# ####.###
#.ยง.# ###D#


You could see a steam dragon (catching breath).

Vanquished Creatures
  Sigmund (D:2)
  Natasha (twice) (D:2)
  2 adders (D:2)
  3 gnolls (D:3)
  2 worms (D:2)
  2 dart slugs
  4 ball pythons
  3 bats
  7 endoplasms
  A giant cockroach (D:1)
  7 goblins
  4 hobgoblins
  A quokka (D:2)
  2 frilled lizards
  8 kobolds
  A rat (D:1)
50 creatures vanquished.

Vanquished Creatures (others)
  A frilled lizard (D:3)
1 creature vanquished.

Grand Total: 51 creatures vanquished

Notes
Turn   | Place    | Note
-------+----------+-------------------------------------------
     0 | D:1      | boo the Minotaur Fighter began the quest for the Orb.
     0 | D:1      | Reached XP level 1. HP: 19/19 MP: 0/0
   288 | D:1      | Reached XP level 2. HP: 27/27 MP: 1/1
   710 | D:2      | Noticed Sigmund
   730 | D:2      | Killed Sigmund
   731 | D:2      | Reached XP level 3. HP: 9/34 MP: 2/2
   731 | D:2      | Reached XP level 4. HP: 11/41 MP: 3/3
   731 | D:2      | Reached XP level 5. HP: 12/47 MP: 4/4
   938 | D:2      | Noticed Natasha
   944 | D:2      | Killed Natasha
   989 | D:2      | Reached skill level 5 in Long Blades
  1161 | D:2      | Noticed Natasha
  1168 | D:2      | Killed Natasha
  1169 | D:2      | Reached XP level 6. HP: 54/55 MP: 5/5
  1185 | D:2      | Identified the +5 hand axe of Revolt {freeze, rC+}
  1497 | D:3      | Reached skill level 5 in Shields
  1720 | D:3      | Noticed a steam dragon
  1723 | D:3      | Reached skill level 5 in Armour
  1733 | D:3      | HP: 2/55 [something/ball of steam (20)]
  1971 | D:3      | Killed from afar by a steam dragon

Illustrated notes

Levels and vault maps discovered:
D:1:      dpeg_arrival_water_fire, layout_rooms, minmay_hedge_maze
D:2:      layout_basic, uniq_natasha, uniq_sigmund
D:3:      layout_basic

Skill      XL: |  1  2  3  4  5  6 |
---------------+-------------------+-----
Long Blades    | 4 5 |  5.3
Fighting       | 4 |  4.9
Armour         | 4 5 |  5.0
Shields        | 4 5 |  5.0

Action                     |  1- 3 |  4- 6 || total
---------------------------+-------+-------++-------
  Melee: Long sword        |    57 |    78 ||   135
         Headbutt          |     6 |    14 ||    20
 Armour: Scale mail        |    31 |    32 ||    63
  Dodge: Dodged            |    25 |    31 ||    56
  Block: Buckler           |    17 |    17 ||    34

Table legend: (Time is in decaauts)
 A = Elapsed time spent in this place.
 B = Non-inter-level travel time spent in this place.
 C = Inter-level travel time spent in this place.
 D = Time resting spent in this place.
 E = Time spent auto-exploring this place.
 F = Levels seen in this place.
 G = Mean time per level.
                   A        B        C        D        E       F      G
               +--------+--------+--------+--------+--------+-----+--------+
         Total |   2001 |   1931 |     70 |    456 |   1120 |   3 |  667.0 |
       Dungeon |   2001 |   1931 |     70 |    456 |   1120 |   3 |  667.0 |
               +--------+--------+--------+--------+--------+-----+--------+

Top non-repeatable levels by time:
     D:2: 931 daAuts
     D:1: 706 daAuts
     D:3: 363 daAuts
